 Dungeon Crawl Stone Soup version 0.23.2-1-ga50397a (webtiles) character file.

Game seed: 6766172162661701867

163 funkygono the Grave Robber (level 5, 0/35 HPs)
             Began as a Demonspawn Necromancer on May 18, 2019.
             Killed from afar by an orc wizard (2 damage)
             ... with a puff of flame
             ... on level 4 of the Dungeon.
             The game lasted 00:06:25 (3097 turns).

funkygono the Grave Robber (Demonspawn Necromancer) Turns: 3097, Time: 00:06:26

Health: 0/35       AC:  6    Str: 10    XL:     5   Next: 20%
Magic:  0/9        EV: 17    Int: 16    God:
Gold:   230        SH:  0    Dex: 18    Spells: 1/10 levels left

rFire    + . .     SeeInvis .   b - +0 whip
rCold    . . .     Gourm    .   (no shield)
rNeg     . . .     Faith    .   j - +0 leather armour
rPois    .         Spirit   .   (no helmet)
rElec    .         Reflect  .   (no cloak)
rCorr    .         Harm     .   (no gloves)
MR       .....                  m - +0 pair of boots
Stlth    +++.......             (no amulet)
HPRegen  0.11/turn              (no ring)
MPRegen  0.11/turn              (no ring)

@: agile
A: icy blue scales 1, demonic guardian 1, fire resistance 1
a: no special abilities


You were on level 4 of the Dungeon.
You were hungry.

You visited 1 branch of the dungeon, and saw 4 of its levels.

You collected 230 gold pieces.

Inventory:

Hand Weapons
 b - a +0 whip (weapon)
Armour
 a - a +1 robe
 j - a +0 leather armour (worn)
 m - a +0 pair of boots (worn)
Wands
 g - a wand of digging (3)
Scrolls
 d - a scroll of amnesia
Potions
 f - a potion of cancellation
 i - a potion of might
 l - a potion of curing {unknown}
 n - a potion of mutation {unknown}
Comestibles
 c - 8 rations


   Skills:
 + Level 1.7 Maces & Flails
 + Level 1.2 Armour
 + Level 2.0 Dodging
 + Level 2.0 Stealth
 + Level 3.0 Spellcasting
 + Level 5.5 Necromancy


You had one spell level left.
You knew the following spells:

 Your Spells              Type           Power        Failure   Level  Hunger
a - Pain                  Necr           ###.         2%          1    #......
b - Animate Skeleton      Necr           N/A          2%          1    #......
c - Vampiric Draining     Necr           ###.......   8%          3    ###....
d - Animate Dead          Necr           N/A          26%         4    #####..

Your spell library contained the following spells:

 Spells                   Type           Power        Failure   Level  Hunger
 Regeneration             Chrm/Necr      ##........   24%         3    ###....


Dungeon Overview and Level Annotations

Branches:
Dungeon (4/15)
 Temple: D:4-7

Altars:
Ru
Wu Jian


Innate Abilities, Weirdness & Mutations

You are partially covered in icy blue scales. (AC +2)
A weak demonic guardian rushes to your aid.
Your flesh is heat resistant. (rF+)


Message History

The hound skeleton bites your white imp but does no damage.
The hound skeleton bites you but does no damage.
Your white imp closely misses the orc wizard.
The orc wizard misses you.
Things that are here:
a +0 chain mail; an orc corpse You hit the orc wizard but do no damage.
The orc wizard is almost dead.
The hound skeleton bites you.
* * * LOW HITPOINT WARNING * * *
Your white imp closely misses the orc wizard.
The orc wizard hits you but does no damage.
The hound skeleton bites you.
* * * LOW HITPOINT WARNING * * *
It was a potion of agility.
You feel agile all of a sudden.
Your white imp misses the orc wizard.
The orc wizard gestures at you while chanting.
The puff of flame hits you. You resist.
You die...

#######
###.....#
.###.......#
........5Z.#
#.......@o.#
####...>...#
##......#
###....#
######


You could see an orc wizard, a hound skeleton and a friendly white imp.

Vanquished Creatures
  An orc priest (D:4)
  3 adders (D:3)
  3 gnolls (D:3)
  An ooze (D:1)
  2 worms (D:3)
  A leopard gecko (D:3)
  2 orcs (D:3)
  4 bats
  4 giant cockroaches
  6 goblins
  8 hobgoblins
  2 kobolds
  3 quokkas (D:3)
  2 ball pythons
  5 frilled lizards
  A jackal zombie (D:3)
  4 rats
52 creatures vanquished.

Vanquished Creatures (collateral kills)
  An orc wizard (D:2)
1 creature vanquished.

Grand Total: 53 creatures vanquished

Notes
Turn   | Place    | Note
-------+----------+-------------------------------------------
     0 | D:1      | funkygono the Demonspawn Necromancer began the quest for
                  | the Orb.
     0 | D:1      | Reached XP level 1. HP: 13/13 MP: 3/3
   310 | D:1      | Gained mutation: A weak demonic guardian rushes to your
                  | aid. [demonic ancestry]
   310 | D:1      | Reached XP level 2. HP: 16/19 MP: 1/5
   496 | D:1      | Learned a level 1 spell: Animate Skeleton
   856 | D:2      | Found a sacrificial altar of Ru.
   872 | D:2      | Gained mutation: You are partially covered in icy blue
                  | scales. (AC +2) [demonic ancestry]
   872 | D:2      | Reached XP level 3. HP: 4/24 MP: 1/6
  1575 | D:2      | Reached skill level 5 in Necromancy
  1680 | D:2      | Found a faded altar of an unknown god.
  1769 | D:2      | Learned a level 3 spell: Vampiric Draining
  1884 | D:3      | Found an ornate altar of the Wu Jian Council.
  1930 | D:3      | Gained mutation: Your flesh is heat resistant. (rF+)
                  | [demonic ancestry]
  1930 | D:3      | Reached XP level 4. HP: 13/30 MP: 0/7
  2684 | D:3      | Reached skill level 1 in Maces & Flails
  2716 | D:3      | Reached skill level 1 in Armour
  3041 | D:3      | Learned a level 4 spell: Animate Dead
  3085 | D:4      | Reached XP level 5. HP: 23/35 MP: 1/9
  3097 | D:4      | Killed from afar by an orc wizard

Skill      XL: |  1  2  3  4 |
---------------+-------------+-----
Necromancy     | 5 |  5.5
Stealth        | 2 |  2.0
Dodging        | 2 |  2.0
Maces & Flails | 1 |  1.7
Spellcasting   | 3 |  3.0
Armour         | 1 |  1.2

Action                   |  1- 3 |  4- 6 || total
-------------------------+-------+-------++-------
Melee: Whip              |    30 |    40 ||    70
 Cast: Pain              |    50 |    53 ||   103
       Vampiric Draining |     1 |     1 ||     2
  Use: Scroll            |     7 |     1 ||     8
       Potion            |       |     1 ||     1
  Eat: Chunk             |     4 |     3 ||     7
Armor: Robe              |     3 |       ||     3
       Leather armour    |     9 |    17 ||    26
Dodge: Dodged            |    21 |    41 ||    62
